 Dungeon Crawl Stone Soup version 0.31-a0-188-g5e087ee2ca (webtiles) character file.

Game seed: 1828778038755525369

13 qw the Shooter (level 2, -5/16 HPs)
             Began as a Deep Elf Hunter on June 22, 2023.
             Slain by Terence
             ... wielding a +0 hand axe
              (7 damage)
             ... on level 2 of the Dungeon.
             The game lasted 00:00:11 (1218 turns).

qw the Shooter (Deep Elf Hunter)                    Turns: 1218, Time: 00:00:11

Health: -5/16      AC:  3    Str:  8    XL:     2   Next: 24%
Magic:  4/4        EV: 12    Int: 13    God:
Gold:   102        SH:  0    Dex: 18    Spells: 1/1 levels left

rFire   . . .        Y - +0 shortbow
rCold   . . .        (shield currently unavailable)
rNeg    . . .        c - +0 leather armour
rPois   .            (no helmet)
rElec   .            (no cloak)
rCorr   .            (no gloves)
SInv    .            (no boots)
Will    .....        (no amulet)
Stlth   ++           (no ring)
HPRegen 0.22/turn    (no ring)
MPRegen 0.09/turn

%: no passive effects
@: no status effects
A: no striking features
a: no special abilities


You were on level 2 of the Dungeon.
You visited 1 branch of the dungeon, and saw 2 of its levels.

You collected 102 gold pieces.


   Skills:
 - Level 1.5 Fighting
 + Level 6.1 Ranged Weapons
 - Level 2.4 Dodging
 - Level 1.2 Stealth


You had one spell level left.
You didn't know any spells.
Your spell library was empty.

Inventory:

Hand Weapons
 Y - a +0 shortbow (weapon)
Armour
 a - a +0 ring mail
 b - a +0 pair of gloves
 c - a +0 leather armour (worn)
Potions
 g - a potion of lignification {unknown}
 h - a potion of heal wounds {unknown}

Dungeon Overview and Level Annotations

Branches:
Dungeon (2/15)

Altars:

Annotations:
D:2 Terence


Message History

There is a stone staircase leading down here.
You climb downwards.
There is a stone staircase leading up here.
Waypoint 1 assigned to D:2.
There is a stone staircase leading up here.
Found an escape hatch in the ceiling.
a - a +0 ring mail You open the door.
There is an open door here.
You now have 102 gold pieces (gained 15).
You open the door.
There is an open door here.
b - a +0 pair of gloves
Enter note:
Found 9 stones.
Found a stone staircase leading up.
Terence the Incautious comes into view.
He is wielding a +0 hand axe.
You shoot an arrow.
The arrow hits Terence but does no damage.
You shoot an arrow.
The arrow hits Terence but does no damage.
You shoot an arrow.
The arrow hits Terence but does no damage.
You shoot an arrow. The arrow closely misses Terence.
Terence barely misses you.
You shoot an arrow. The arrow hits Terence!
Terence is heavily wounded.
Terence barely misses you.
You shoot an arrow. The arrow completely misses Terence.
Terence barely misses you.
You shoot an arrow. The arrow barely misses Terence.
Terence hits you with a +0 hand axe!
Ouch! That really hurt!
Terence hits you with a +0 hand axe.
You shoot an arrow. The arrow hits Terence.
Terence is heavily wounded.
Terence hits you with a +0 hand axe.
You shoot an arrow. The arrow barely misses Terence.
Terence hits you with a +0 hand axe!
You die...

#........##..##.#
########........#
#.#####..# #.#
#..##### #.#
#......# #.#
#..###.#
#<#####..# #.#
###........# #.#
#.@....###.# #.#
#@###### ...##.#
#. ....#.# #.
#.#.#.# #.
.....#.# ## .#.#
...#


You could see Terence.

Vanquished Creatures
  A dart slug (D:1)
  A bat (D:1)
  A giant cockroach (D:1)
  3 goblins (D:1)
  A hobgoblin (D:1)
  2 kobolds (D:1)
9 creatures vanquished.

Notes
Turn   | Place    | Note
-------+----------+-------------------------------------------
     0 | D:1      | qw the Deep Elf Hunter began the quest for the Orb.
     0 | D:1      | Reached XP level 1. HP: 12/12 MP: 3/3
     0 | D:1      | 0 ||| qw: Version: 0.3-a-9-g12657ce
     0 | D:1      | 0 ||| qw: Game counter: 2895
     0 | D:1      | 0 ||| qw: Always use a shield: true
     0 | D:1      | 0 ||| qw: God list: Okawaru
     0 | D:1      | 0 ||| qw: Allow faded altars: false
     0 | D:1      | 0 ||| qw: Do Orc after D:15 true
     0 | D:1      | 0 ||| qw: Do second Lair branch before Depths: true
     0 | D:1      | 0 ||| qw: Lair rune preference: random
     0 | D:1      | 0 ||| qw: Plans: Normal
     0 | D:1      | 0 ||| PLANNING D:1-11
   578 | D:1      | Reached skill level 6 in Ranged Weapons
   578 | D:1      | Reached XP level 2. HP: 15/16 MP: 4/4
  1043 | D:1      | 1043 ||| READING scroll labelled DUIH RACOMEUP.
  1044 | D:1      | 1044 ||| READING scroll labelled CIWNAI TESU.
  1045 | D:1      | 1045 ||| READING scroll labelled USTRON QOSTRE.
  1049 | D:1      | 1049 ||| DROPPING scroll of butterflies.
  1209 | D:2      | Noticed Terence
  1216 | D:2      | HP: 3/16 [Terence/+0 hand axe (4)]
  1217 | D:2      | HP: 1/16 [Terence/+0 hand axe (2)]
  1218 | D:2      | Slain by Terence

Levels and vault maps discovered:
D:1:      beargit_arrival_diablo_church, layout_basic, serial_forest,
          infiniplex_forest_side_room, infiniplex_forest_fountain,
          infiniplex_forest_fountain, infiniplex_forest_straight_2,
          infiniplex_forest_lined_ring, minmay_close_crescents
D:2:      layout_loops_ring, serial_glass, glass_columns_a, glass_columns_b,
          kennysheep_path_1, wander_ebering_terrifying_dragon_lair, uniq_terence

Skill      XL: |  1 |
---------------+----+-----
Ranged Weapons | 6 |  6.1
Fighting       | |  1.5
Dodging        | |  2.4
Stealth        | |  1.2

Action                     || total
---------------------------++-------
   Fire: Shortbow          ||    27
    Use: Scroll            ||     3
  Dodge: Dodged            ||     8

Table legend:
 A = Non-vault XP
 B = Vault XP
 C = Vault XP percentage of total XP
 D = Non-vault monster count
 E = Vault monster count
 F = Vault count percentage of total count
                 A         B        C        D         E       F
            +---------+---------+-------+---------+---------+-------
      Total |      11 |       8 |  42.1 |       5 |       4 |  44.4
            +---------+---------+-------+---------+---------+-------
        D:1 |      11 |       8 |  42.1 |       5 |       4 |  44.4
            +---------+---------+-------+---------+---------+-------
